 Dungeon Crawl Stone Soup version 0.31-a0-700-gf13585253f (webtiles) character file.

Game seed: 7828493768576609218

112 qw the Shooter (level 4, -4/28 HPs)
             Began as a Gargoyle Hunter on Sept 7, 2023.
             Slain by an iguana (7 damage)
             ... on level 3 of the Dungeon.
             The game lasted 00:00:47 (2471 turns).

qw the Shooter (Gargoyle Hunter)                    Turns: 2471, Time: 00:00:48

Health: -4/28      AC:  8    Str: 14    XL:     4   Next: 93%
Magic:  4/4        EV: 10    Int: 10    God:
Gold:   193        SH:  0    Dex: 15    Spells: 3/3 levels left

rFire   . . .        Y - +1 shortbow
rCold   . . .        (shield currently unavailable)
rNeg    + . .        e - +0 ring mail
rPois   inf          (no helmet)
rElec   +            (no cloak)
rCorr   .            (no gloves)
SInv    .            (no boots)
Will    .....        f - amulet of the acrobat
Stlth   +            (no ring)
HPRegen 0.24/turn    (no ring)
MPRegen 0.09/turn

%: acrobat
@: no status effects
A: sickness immunity, AC +3, negative energy resistance 1, electricity
resistance, torment resistance 1, petrification resistance
a: no special abilities


You were on level 3 of the Dungeon.
You visited 1 branch of the dungeon, and saw 4 of its levels.

You collected 193 gold pieces.


Innate Abilities, Weirdness & Mutations

You are immune to sickness and miasma.
Your stone body is resilient. (AC +3)
You are immune to poison.
You resist negative energy. (rN+)
You are resistant to electric shocks. (rElec)
You are resistant to unholy torment.
You are immune to petrification.


   Skills:
 - Level 3.1 Fighting
 + Level 5.5 Ranged Weapons
 - Level 1.1 Armour
 - Level 1.5 Dodging
 - Level 1.1 Stealth


You had 3 spell levels left.
You didn't know any spells.
Your spell library was empty.

Inventory:

Hand Weapons
 Y - a +1 shortbow (weapon)
Armour
 e - a +0 ring mail (worn)
Jewellery
 f - an amulet of the acrobat (around neck)
Scrolls
 h - 2 scrolls of enchant armour
Potions
 a - a potion of curing {unknown}
 c - a potion of lignification {unknown}
 d - a potion of berserk rage {unknown}
 g - a potion of heal wounds {unknown}

Dungeon Overview and Level Annotations

Branches:
Dungeon (4/15)
 Temple: D:4-7

Altars:
Hepliaklqana

Shops:
D:3 =


Message History

You climb upwards.
There is a stone staircase leading down here.
You start resting.
HP restored.
Done exploring.
What level of the Dungeon? (default 4, ? - help)
You climb downwards.
The adder bites you. The adder bites you but does no damage.
The endoplasm closely misses you. The white imp gestures at you.
The puff of frost hits you.
The iguana bites you but does no damage.
There is a stone staircase leading up here.
2466 ||| STAIRDANCE The kobold shouts!
The adder barely misses you. The endoplasm barely misses you.
The iguana bites you but does no damage.
The adder bites you.
You climb upwards.
There is a stone staircase leading down here.
You shoot an arrow. The arrow hits the iguana!
The iguana is heavily wounded.
The iguana barely misses you. The endoplasm freezes you.
You are frozen.
The adder bites you but does no damage.
You shoot an arrow. The arrow barely misses the iguana.
The adder bites you but does no damage. The iguana closely misses you.
The endoplasm freezes you.
You are frozen.
The adder bites you but does no damage. The iguana completely misses you.
The endoplasm hits you but does no damage.
You shoot an arrow. The arrow hits the iguana.
The iguana is heavily wounded.
The adder bites you. The iguana bites you! The endoplasm freezes you.
You are frozen.
The adder barely misses you.
You shoot an arrow.
The arrow hits the iguana but does no damage.
The iguana is heavily wounded.
The iguana bites you!
You die...

### #.########## #..........#
#.########.# #.########.#
#.#........#
##############.#.####...#######
#............#S...# #..........
#%#########...@...# #...#######
#.#...........lJ..###...#####..
#.#.#######....................
#.#................####........
##.###########.##...####........
#.....................##........
#######........##...#..#.###....
#........##........#######
#.........................


You could see an iguana, an adder and an endoplasm.

Vanquished Creatures
  5 adders
  2 dart slugs (D:2)
  3 orcs (D:3)
  6 ball pythons
  4 endoplasms
  2 giant cockroaches
  3 goblins
  3 hobgoblins
  6 jackals
  3 quokkas
  8 bats
  3 frilled lizards
  6 kobolds
  5 rats
59 creatures vanquished.

Notes
Turn   | Place    | Note
-------+----------+-------------------------------------------
     0 | D:1      | qw the Gargoyle Hunter began the quest for the Orb.
     0 | D:1      | Reached XP level 1. HP: 12/12 MP: 1/1
     0 | D:1      | 0 ||| qw: Version: 0.3-a-76-g4403597
     0 | D:1      | 0 ||| qw: Game counter: 501
     0 | D:1      | 0 ||| qw: Melee chars always use a shield: true
     0 | D:1      | 0 ||| qw: God list: Okawaru
     0 | D:1      | 0 ||| qw: Allow faded altars: false
     0 | D:1      | 0 ||| qw: Do Orc after clearing Dungeon:15 true
     0 | D:1      | 0 ||| qw: Do second Lair branch before Depths: true
     0 | D:1      | 0 ||| qw: Lair rune preference: random
     0 | D:1      | 0 ||| qw: Goals: Normal
     0 | D:1      | 0 ||| PLANNING D:1-11
   212 | D:1      | Reached XP level 2. HP: 17/17 MP: 2/2
   939 | D:1      | 939 ||| UPGRADING to +0 ring mail.
   949 | D:1      | 949 ||| DROPPING +0 leather armour.
   950 | D:1      | 950 ||| READING scroll labelled QAECADUNGU.
   951 | D:1      | 951 ||| READING scroll labelled GOCADO TULU.
   952 | D:1      | 952 ||| READING scroll labelled PIBEMIA ZUFOJO.
   953 | D:1      | 953 ||| READING scroll labelled JIGGOAJ BUTOYCW.
   954 | D:1      | 954 ||| DROPPING scroll of butterflies.
  1030 | D:2      | Reached XP level 3. HP: 21/21 MP: 3/3
  1074 | D:2      | Reached skill level 1 in Armour
  1364 | D:2      | Reached skill level 5 in Ranged Weapons
  1474 | D:2      | Reached XP level 4. HP: 17/27 MP: 4/4
  1626 | D:2      | 1626 ||| READING 2 scrolls labelled GASEHUOBOGA.
  1627 | D:2      | 1627 ||| READING scroll labelled XUPTITZ PIPNOU.
  1630 | D:2      | 1630 ||| READING scroll labelled OJANGO GAVAPNENG.
  1631 | D:2      | 1631 ||| DROPPING scroll of blinking.
  1640 | D:3      | Found Faoff's Jewellery Emporium.
  1644 | D:3      | 1644 ||| SHOPLISTING +6 ring of dexterity (468 gold, have
                  | 96).
  1644 | D:3      | 1644 ||| SHOPLISTING ring of see invisible (195 gold, have
                  | 96).
  1644 | D:3      | 1644 ||| SHOPLISTING ring of willpower (325 gold, have 96).
  1733 | D:3      | Found a faded altar of an unknown god.
  1769 | D:3      | Reached skill level 3 in Fighting
  1802 | D:3      | Found a hazy altar of Hepliaklqana.
  2371 | D:3      | 2371 ||| UPGRADING to amulet of the acrobat.
  2376 | D:3      | 2376 ||| READING scroll labelled LESTRO DAYXT.
  2377 | D:3      | 2377 ||| READING 3 scrolls labelled KAYVAY VOTYS.
  2410 | D:4      | 2410 ||| STAIRDANCE
  2466 | D:4      | 2466 ||| STAIRDANCE
  2470 | D:3      | HP: 6/28 [iguana (8)]
  2471 | D:3      | Slain by an iguana

Levels and vault maps discovered:
D:1:      minmay_arrival_split_and_join, layout_basic
D:2:      layout_loops_ring
D:3:      layout_basic, mainiacjoe_overflow_concentric_impassable, serial_shops,
          nicolae_shop_hallway_stairs, hellmonk_ecumenical_altar_slurped_away
D:4:      layout_basic, minmay_checkerbox

Skill      XL: |  1  2  3  4 |
---------------+-------------+-----
Armour         | 1 |  1.1
Ranged Weapons | 5 |  5.5
Fighting       | 3 |  3.1
Dodging        | |  1.5
Stealth        | |  1.1

Action                     |  1- 3 |  4- 6 || total
---------------------------+-------+-------++-------
   Fire: Shortbow          |    90 |    80 ||   170
    Use: Scroll            |     4 |     5 ||     9
 Armour: Leather armour    |     5 |       ||     5
         Ring mail         |    28 |    43 ||    71
  Dodge: Dodged            |    26 |    30 ||    56

Table legend:
 A = Non-vault XP
 B = Vault XP
 C = Vault XP percentage of total XP
 D = Non-vault monster count
 E = Vault monster count
 F = Vault count percentage of total count
                 A         B        C        D         E       F
            +---------+---------+-------+---------+---------+-------
      Total |     158 |       2 |   1.2 |      58 |       1 |   1.7
            +---------+---------+-------+---------+---------+-------
        D:1 |      33 |       0 |   0.0 |      21 |       0 |   0.0
        D:2 |      51 |       0 |   0.0 |      14 |       0 |   0.0
        D:3 |      74 |       2 |   2.6 |      23 |       1 |   4.2
            +---------+---------+-------+---------+---------+-------
